 Dungeon Crawl Stone Soup version 0.23-a0-49-gd9f7a49 (webtiles) character file.

397 Amnesiac the Caller (level 6, -2/41 HPs)
             Began as a Mummy Summoner on Aug 6, 2018.
             Was a Follower of Sif Muna.
             Slain by a small abomination (10 damage)
             ... summoned by miscasting Summon Lightning Spire
             ... on level 4 of the Dungeon.
             The game lasted 00:08:55 (3959 turns).

Amnesiac the Caller (Mummy Summoner)                Turns: 3959, Time: 00:08:56

Health: -2/41      AC: 17    Str: 12    XL:     6   Next: 53%
Magic:  7/14       EV: 12    Int: 20    God:    Sif Muna [*.....]
Gold:   187        SH:  0    Dex: 12    Spells: 2/16 levels left

rFire    x . .     SeeInvis .   a - +2 dagger (protect)
rCold    + . .     Gourm    .   (no shield)
rNeg     + + +     Faith    .   p - +0 robe
rPois    ∞         Spirit   .   k - +0 helmet
rElec    .         Reflect  .   o - +0 cloak
rCorr    .         Harm     .   (no gloves)
MR       .....                  h - +1 pair of boots
Stlth    ++........             (no amulet)
HPRegen  0.13/turn              f - +4 ring of intelligence
MPRegen  0.14/turn              t - +4 ring of protection

@: protection aura, very slightly contaminated, divine energy
A: no food or potions, fire vulnerability, cold resistance 1, negative energy
resistance 3, torment resistance, unbreathing
a: Stop Divine Energy, Renounce Religion


You were on level 4 of the Dungeon.
You worshipped Sif Muna.
Sif Muna was aware of your devotion.
You were not hungry.

You visited 1 branch of the dungeon, and saw 4 of its levels.

You collected 187 gold pieces.

Inventory:

Hand Weapons
 a - a +2 dagger of protection (weapon)
 b - a +0 hunting sling
Missiles
 g - 4 javelins (quivered)
 i - 128 stones
 m - 5 tomahawks of returning
 q - 30 sling bullets
Armour
 h - a +1 pair of boots (worn)
 k - a +0 helmet (worn)
 o - a +0 cloak (worn)
 p - a +0 robe (worn)
Jewellery
 f - a +4 ring of intelligence (left hand)
 r - an uncursed ring of ice
 t - a +4 ring of protection (right hand)
Scrolls
 d - a scroll of remove curse {!r}
 e - a scroll of immolation {!r}
 l - 2 scrolls of fear {!r}
 n - a scroll of enchant weapon {!r}
 s - 3 scrolls of identify {!r}


   Skills:
 - Level 1.5 Dodging
 - Level 1.5 Stealth
 + Level 5.5 Spellcasting
 * Level 5.6 Summonings


You had 2 spell levels left.
You knew the following spells:

 Your Spells              Type           Power        Failure   Level  Hunger
a - Call Imp              Summ           ####....     1%          2    N/A
b - Summon Small Mammal   Summ           ####         1%          1    N/A
c - Summon Ice Beast      Ice/Summ       ###.....     34%         4    N/A
d - Summon Lightning Spi  Summ/Air       ###.....     34%         4    N/A
e - Call Canine Familiar  Summ           ####....     3%          3    N/A

Your spell library contained the following spells:

 Spells                   Type           Power        Failure   Level  Hunger
 Summon Guardian Golem    Hex/Summ       ###.....     11%         3    N/A

Dungeon Overview and Level Annotations

Branches:
Dungeon (4/15)
 Temple: D:4-7

Altars:
Fedhas
Qazlal
Sif Muna
Uskayaw
Xom

Annotations:
D:2 dig 1k
D:4 Blork the orc, Edmund


Innate Abilities, Weirdness & Mutations

You do not eat or drink.
Your flesh is vulnerable to fire.
You are immune to poison.
Your flesh is cold resistant. (rC+)
You are immune to negative energy. (rN+++)
You are immune to unholy pain and torment.
You can survive without breathing.


Message History

Sif Muna accepts your kill.
No target in view!
No target in view!
Edmund the Younger comes into view.
He is wielding a dire flail of protection.
Edmund shouts!
Casting: Call Imp (safe; 1% risk of failure)
Confirm with . or Enter, or press ? or * to list all spells.
A chill wind blows around you.
Adjust (i)tems, (s)pells, or (a)bilities?
Adjust which spell?
Okay, then.
Adjust (i)tems, (s)pells, or (a)bilities?
Adjust which spell? c - Summon Lightning Spire Adjust to which letter? d - Summon Lightning Spire; c - Summon Ice Beast
Casting: Summon Ice Beast (quite dangerous; 34% risk of failure)
Confirm with . or Enter, or press ? or * to list all spells.
Aiming: Summon Lightning Spire (quite dangerous; 34% risk of failure)
Press: ? - help, Dir - move target cursor
Okay, then.
Edmund hits your ice beast with a dire flail of protection!
Casting: Summon Lightning Spire (quite dangerous; 34% risk of failure)
Confirm with . or Enter, or press ? or * to list all spells.
Aiming: Summon Lightning Spire (quite dangerous; 34% risk of failure)
Press: ? - help, Dir - move target cursor You miscast Summon Lightning Spire.
You are very lightly contaminated with residual magic.
A chorus of moans calls out to you!
Edmund hits your ice beast with a dire flail of protection.
You swap places.
Edmund misses you.
The small abomination barely misses you.
You swap places.
The small abomination hits you! Edmund misses your ice beast.
Your ice beast freezes Edmund!
The small abomination barely misses you.
Really read
e - 2 scrolls labeled YSIW USTOFA {!r}?
As you read the scroll labeled YSIW USTOFA {!r}, it crumbles to dust.
The creatures around you are filled with an inner flame!
It was a scroll of immolation {!r}.
The small abomination hits you but does no damage.
Edmund hits your ice beast with a dire flail of protection.
Really read
j - a scroll labeled FUTHEIHUAMM {!r}?
As you read the scroll labeled FUTHEIHUAMM {!r}, it crumbles to dust.
The scroll dissolves into smoke.
It was a scroll of fog {!r}.
The small abomination hits you.
* * * LOW HITPOINT WARNING * * *
Edmund hits your ice beast with a dire flail of protection.
The small abomination hits you!
* * * LOW HITPOINT WARNING * * *
Really read
c - a scroll labeled CIKHAE PURERUL {!r}?
As you read the scroll labeled CIKHAE PURERUL {!r}, it crumbles to dust.
It is a scroll of enchant armour.
Your +0 pair of boots glows green for a moment.
The small abomination hits you.
* * * LOW HITPOINT WARNING * * *
Edmund hits your ice beast but does no damage.
Casting: Summon Lightning Spire (quite dangerous; 34% risk of failure)
Confirm with . or Enter, or press ? or * to list all spells.
Okay, then.
You hit the small abomination.
Your weapon exudes an aura of protection.
The small abomination is lightly damaged.
The small abomination hits you!
You die...

# ##.
##...######
#......@Y@#
..#...####x#
..... #x#
#### #.#
#####.#####
#.........#
##+##
#.###.###.#
##...##
#.##..#
##.....## #
##.#.#.##


You could see Edmund (inner flame), 2 small abominations and a friendly ice
beast.

Vanquished Creatures
  A phantom (D:4)
  A jelly (D:3)
  A hound skeleton (D:4)
  Robin (D:2)
  A gnoll (D:1)
  8 adders
  A shadow imp (D:3)
  2 oozes
  4 worms
  A dart slug (D:3)
  6 leopard geckos
  4 orcs (D:3)
  3 giant cockroaches
  10 goblins
  5 hobgoblins
  An iguana (D:3)
  2 jackals (D:2)
  2 quokkas (D:2)
  4 bats
  3 frilled lizards
  2 kobolds
  A quokka skeleton (D:4)
  11 rats
75 creatures vanquished.

Vanquished Creatures (collateral kills)
  Sigmund (D:2)
  A jelly (D:3)
  3 adders
  2 worms (D:3)
  A jackal (D:2)
8 creatures vanquished.

Grand Total: 83 creatures vanquished

Notes
Turn   | Place    | Note
-------+----------+-------------------------------------------
     0 | D:1      | Amnesiac the Mummy Summoner began the quest for the Orb.
     0 | D:1      | Reached XP level 1. HP: 13/13 MP: 4/4
   627 | D:3      | Reached XP level 2. HP: 19/19 MP: 6/6
   631 | D:3      | Learned a level 2 spell: Call Imp
   823 | D:3      | Found a shimmering altar of Xom.
   853 | D:3      | Reached XP level 3. HP: 24/24 MP: 8/8
   913 | D:3      | Learned a level 3 spell: Call Canine Familiar
  1085 | D:4      | Found a deep blue altar of Sif Muna.
  1107 | D:4      | Noticed Blork the orc
  1132 | D:4      | Noticed a phantom
  1167 | D:4      | Became a worshipper of Sif Muna the Loreminder
  1191 | D:4      | Killed a phantom
  1191 | D:4      | Reached XP level 4. HP: 13/30 MP: 2/10
  1467 | D:1      | Reached XP level 5. HP: 35/35 MP: 11/11
  1502 | D:1      | Learned a level 4 spell: Summon Lightning Spire
  1921 | D:2      | Noticed Sigmund
  2216 | D:2      | Found a blossoming altar of Fedhas.
  2253 | D:2      | Noticed a dagger
  2254 | D:2      | Found a hide-covered altar of Uskayaw.
  2255 | D:2      | Noticed a dagger
  2406 | D:2      | Reached * piety under Sif Muna
  2418 | D:2      | Noticed Robin
  2452 | D:2      | Killed Robin
  2452 | D:2      | Reached skill level 5 in Summonings
  2694 | D:2      | Reached skill level 5 in Spellcasting
  3143 | D:2      | Killed Sigmund
  3143 | D:2      | Reached XP level 6. HP: 28/41 MP: 0/13
  3151 | D:2      | Learned a level 4 spell: Summon Ice Beast
  3342 | D:3      | Found a stormy altar of Qazlal.
  3945 | D:4      | Noticed Edmund
  3953 | D:4      | Noticed a small abomination
  3959 | D:4      | Slain by a small abomination

Vault maps used:
D:1:      dpeg_arrival_houses_and_road
D:2:      dancing_weapons_uskayaw, fedhas_altar_4, uniq_sigmund, uniq_robin
D:3:      nicolae_overflow_hidden_temple, first_ration, dk_xom_monty_hall
D:4:      led_sif_pool, uniq_edmund, uniq_blork_the_orc

Skill      XL: |  1  2  3  4  5 |
---------------+----------------+-----
Spellcasting   | 3 4 5 |  5.5
Summonings     | 4 5 |  5.6
Dodging        | |  1.5
Stealth        | |  1.5

Action                   |  1- 3 |  4- 6 || total
-------------------------+-------+-------++-------
Melee: Unarmed           |    35 |       ||    35
       Dagger            |       |   108 ||   108
 Fire: Hunting sling     |    62 |   168 ||   230
Throw: Javelin           |    10 |       ||    10
 Cast: Summon Small Mamm |     2 |       ||     2
       Call Imp          |     3 |     3 ||     6
       Call Canine Famil |     2 |     9 ||    11
       Summon Lightning  |       |     1 ||     1
       Summon Ice Beast  |       |     1 ||     1
Invok: Divine Energy     |       |     1 ||     1
  Use: Scroll            |       |     7 ||     7
 Stab: Sleeping          |     1 |     1 ||     2
Armor: Robe              |     8 |    69 ||    77
Dodge: Dodged            |    47 |   134 ||   181

Table legend:
 A = Spawn XP
 B = Non-spawn XP
 C = Spawn XP percentage of total XP
 D = Spawn monster count
 E = Non-spawn monster count
 F = Spawn count percentage of total count
 G = Total turns spent on level
                    A         B        C        D         E        F      G
               +---------+---------+-------+---------+---------+-------+---------
         Total |       0 |     568 |   0.0 |       0 |      83 |   0.0 |  3959
               +---------+---------+-------+---------+---------+-------+---------
           D:1 |       0 |      42 |   0.0 |       0 |      17 |   0.0 |  1388
           D:2 |       0 |     233 |   0.0 |       0 |      34 |   0.0 |  1159
           D:3 |       0 |     176 |   0.0 |       0 |      28 |   0.0 |  1062
           D:4 |       0 |     117 |   0.0 |       0 |       4 |   0.0 |   350
               +---------+---------+-------+---------+---------+-------+---------
